 Dungeon Crawl Stone Soup version 0.20.0-15-g7f486f2 (console) character file.

8355 porun the Covert (level 11, 0/61 HPs)
             Began as a Halfling Enchanter on June 8, 2017.
             Was a High Priest of Okawaru.
             Slain by an unseen horror (10 damage)
             ... on level 11 of the Dungeon on June 9, 2017.
             The game lasted 00:45:31 (6744 turns).

porun the Covert (Halfling Enchanter)               Turns: 6744, Time: 00:45:32

Health: 0/61       AC: 10    Str:  9    XL:     11   Next: 54%
Magic:  12/14      EV: 21    Int: 16    God:    Okawaru [*****.]
Gold:   355        SH:  0    Dex: 16    Spells: 3/13 levels left

rFire    + . .     SeeInvis .   a - +3 dagger (elec)
rCold    + . .     Gourm    .   (shield restricted)
rNeg     . . .     Faith    .   P - +2 robe {rC+ rF+}
rPois    .         Spirit   .   (helmet restricted)
rElec    .         Reflect  .   p - +2 cloak
rCorr    .         Harm     .   k - +2 pair of gloves {archery}
MR       .....                  (no boots)
Stlth    ++++......             (no amulet)
Regen    0.2/turn               D - +3 ring of evasion
MPRegen  0.2/turn               S - +2 ring of slaying

@: about to teleport, very slightly contaminated, hasted, very quick
A: horns 1, mutation resistance 1
a: Heroism, Finesse, Renounce Religion


You were on level 11 of the Dungeon.
You worshipped Okawaru.
Okawaru was extremely pleased with you.
You were not hungry.

You visited 1 branch of the dungeon, and saw 11 of its levels.

You collected 553 gold pieces.
You spent 198 gold pieces at shops.

Inventory:

Hand Weapons
 a - a +3 dagger of electrocution (weapon)
 b - a +9 blowgun
 c - a +2 short sword of venom
 z - a +2 scimitar of flaming
Missiles
 h - 107 sling bullets
 j - 16 poisoned needles
 K - 2 needles of paralysis
 L - 3 poisoned tomahawks (quivered)
Armour
 i - a +0 helmet
 k - a +2 pair of gloves of archery (worn)
 p - a +2 cloak (worn)
 M - a +0 buckler
 P - a +2 robe of resistance (worn)
 R - a scarf of cloud immunity
Jewellery
 D - a +3 ring of evasion (left hand)
 I - an uncursed ring of positive energy
 Q - an uncursed ring of protection from fire
 S - a +2 ring of slaying (right hand)
Wands
 g - a wand of digging (12/24)
 w - a wand of confusion (23/48)
 y - a wand of iceblast (6/15)
 E - a wand of enslavement (9/24)
 O - a wand of paralysis (3/24)
 V - a wand of paralysis (13/24)
Scrolls
 f - 4 scrolls of amnesia
 l - 2 scrolls of teleportation
 o - a scroll of blinking
 s - 2 scrolls of enchant armour
 x - 8 scrolls of remove curse
 A - 5 scrolls of identify
 B - 4 scrolls of enchant weapon
 T - a scroll of holy word {unknown}
Potions
 q - 2 potions of brilliance
 v - a potion of invisibility
 F - a potion of haste
 H - a potion of might
 J - a potion of cancellation
 N - a potion of lignification
 U - a potion of magic
Books
 e - a book of Cantrips

   Spells                             Type                      Level
   a - Confusing Touch                Hexes                        1
   b - Animate Skeleton               Necromancy                   1
   c - Summon Small Mammal            Summoning                    1
   d - Apportation                    Translocation                1
 t - a book of Necromancy

   Spells                             Type                      Level
   a - Pain                           Necromancy                   1
   b - Animate Skeleton               Necromancy                   1
   c - Vampiric Draining              Necromancy                   3
   d - Regeneration                   Charms/Necromancy            3
   e - Animate Dead                   Necromancy                   4
   f - Control Undead                 Necromancy                   4
 G - a book of Maledictions

   Spells                             Type                      Level
   a - Corona                         Hexes                        1
   b - Ensorcelled Hibernation        Hexes/Ice                    2
   c - Confuse                        Hexes                        3
   d - Tukima's Dance                 Hexes                        3
   e - Dazzling Spray                 Conjuration/Hexes            3
Comestibles
 d - 7 bread rations
 m - 8 fruits
 n - 8 meat rations
 r - 12 royal jellies


   Skills:
 + Level 9.3 Short Blades
 * Level 6.4 Throwing
 - Level 3.0 Armour
 - Level 5.0 Dodging
 + Level 9.8 Stealth
 - Level 1.5 Spellcasting
 + Level 6.9 Hexes
 + Level 3.8 Necromancy
 - Level 5.0 Evocations


You had 3 spell levels left.
You knew the following spells:

 Your Spells              Type           Power        Failure   Level  Hunger
a - Corona                Hex            ###....      1%          1    ##.....
b - Ensorcelled Hibernat  Hex/Ice        ##....       8%          2    ###....
c - Confuse               Hex            ###.....     3%          3    ####...
z - Regeneration          Chrm/Necr      #.........   30%         3    ####...
A - Apportation           Tloc           #.....       22%         1    ##.....


Dungeon Overview and Level Annotations

Branches:
Dungeon (11/15)            Temple (0/1) D:7            Lair (0/6) D:8
    Orc: D:9-12

Altars:
Fedhas
Gozag
Hepliaklqana
Kikubaaqudgha
Makhleb
Okawaru
Qazlal
Ru
Uskayaw
Zin

Shops:
D:4 [   D:6 (   D:7 (   D:8 [   D:9 *


Innate Abilities, Weirdness & Mutations

You are small and have problems with some larger weapons.
You are somewhat resistant to further mutation.
You have a pair of small horns on your head.


Message History

There is a stone staircase leading down here.
Something hits you but does no damage.
A sky beast appears from thin air!
Reactivating autopickup.
You climb downwards.
Found a hand axe.
There is a stone staircase leading up here.
Unknown command.
Unknown command.
Unknown command.
Deactivating autopickup; reactivate with Ctrl-A.
You hit something. Something hits you!
* * * LOW HITPOINT WARNING * * *
You feel better. Something hits you but does no damage.
Unknown command.
Unknown command.
As you read the scroll of teleportation, it crumbles to dust.
You feel strangely unstable. Something hits you.
* * * LOW HITPOINT WARNING * * *
Something hits you!
You die...

######+##
#........
#......).
#........
#@.......
#........
#........
+........
#........
#........
#######+#


There were no monsters in sight!

Vanquished Creatures
  Erica (D:8)
  An unseen horror (D:10)
  A centaur skeleton (D:10)
  Psyche (D:8)
  The ghost of grindst0ne the Skirmisher, a novice GrBe of Trog (D:4)
  3 hornets
  A hippogriff (D:10)
  5 yaks (D:10)
  A hungry ghost (D:8)
  Eustachio (D:6)
  A soldier ant (D:9)
  Menkaure (D:6)
  4 orc warriors
  3 ice beasts
  3 sky beasts
  5 ogres
  4 centaurs
  5 bullfrogs
  A scorpion (D:5)
  4 killer bees (D:9)
  4 wights (D:9)
  A bullfrog zombie (D:5)
  3 howler monkeys
  2 centaur zombies
  8 crimson imps
  2 bullfrog skeletons
  2 jellies
  12 orc priests
  7 hounds
  A quasit (D:8)
  10 orc wizards
  4 iguanas
  6 worker ants
  A hound zombie (D:7)
  A hound skeleton (D:6)
  4 gnolls (D:9)
  A howler monkey skeleton (D:5)
  11 adders
  2 shadow imps (D:10)
  3 oozes
  An adder zombie (D:5)
  2 adder skeletons
  6 worms
  2 dart slugs (D:1)
  8 leopard geckos
  40 orcs
  5 giant cockroaches
  7 hobgoblins
  7 jackals
  4 kobolds
  4 quokkas
  3 ball pythons
  6 bats
  6 frilled lizards
  8 goblins
  A leopard gecko skeleton (D:6)
  11 rats
253 creatures vanquished.

Notes
Turn   | Place    | Note
-------+----------+-------------------------------------------
     0 | D:1      | porun the Halfling Enchanter began the quest for the Orb.
     0 | D:1      | Reached XP level 1. HP: 11/11 MP: 3/3
   119 | D:1      | Reached XP level 2. HP: 11/17 MP: 4/4
   293 | D:1      | Learned a level 2 spell: Ensorcelled Hibernation
   383 | D:1      | Reached XP level 3. HP: 21/21 MP: 0/5
   672 | D:2      | Found a hide-covered altar of Uskayaw.
   672 | D:2      | Found an iron altar of Okawaru.
   695 | D:2      | Became a worshipper of Warmaster Okawaru
   898 | D:2      | Reached XP level 4. HP: 26/27 MP: 1/6
  1148 | D:3      | Learned a level 3 spell: Confuse
  1248 | D:3      | Gained mutation: You occasionally shout uncontrollably at your foes. [potion of mutation]
  1248 | D:3      | Gained mutation: Your muscles are strong. (Str +2) [potion of mutation]
  1248 | D:3      | Gained mutation: You have an increased reservoir of magic. (+10% MP) [potion of mutation]
  1249 | D:3      | Lost mutation: You occasionally shout uncontrollably at your foes. [potion of mutation]
  1249 | D:3      | Lost mutation: You have an increased reservoir of magic. (+10% MP) [potion of mutation]
  1249 | D:3      | Lost mutation: Your muscles are strong. (Str +2) [potion of mutation]
  1267 | D:3      | Reached XP level 5. HP: 20/31 MP: 7/7
  1524 | D:3      | Reached skill level 5 in Stealth
  1524 | D:3      | Reached skill level 1 in Evocations
  1544 | D:3      | Reached XP level 6. HP: 32/36 MP: 5/8
  1735 | D:4      | Reached * piety under Okawaru
  1764 | D:4      | Gained mutation: You have a pair of small horns on your head. [potion of mutation]
  2013 | D:4      | Found Ublouv's Armour Shoppe.
  2050 | D:4      | Noticed grindst0ne's ghost (novice GrBe)
  2166 | D:4      | Killed grindst0ne's ghost
  2166 | D:4      | Reached ** piety under Okawaru
  2166 | D:4      | Reached XP level 7. HP: 5/41 MP: 3/9
  2197 | D:4      | Learned a level 1 spell: Apportation
  2206 | D:4      | Found a burning altar of Makhleb.
  2209 | D:4      | Reached skill level 5 in Short Blades
  2248 | D:5      | Entered Level 5 of the Dungeon
  2305 | D:5      | Reached XP level 8. HP: 24/46 MP: 6/10
  2310 | D:5      | Found a sacrificial altar of Ru.
  2426 | D:5      | Found an ancient bone altar of Kikubaaqudgha.
  2427 | D:5      | Found a blossoming altar of Fedhas.
  2512 | D:5      | Found a stormy altar of Qazlal.
  2576 | D:5      | Learned a level 3 spell: Regeneration
  2726 | D:5      | Reached *** piety under Okawaru
  2863 | D:6      | Found a hazy altar of Hepliaklqana.
  2922 | D:6      | Noticed Menkaure
  2926 | D:6      | Found a glowing silver altar of Zin.
  2932 | D:6      | Killed Menkaure
  2948 | D:6      | Reached skill level 5 in Hexes
  2948 | D:6      | Reached XP level 9. HP: 31/51 MP: 10/12
  3147 | D:6      | Reached **** piety under Okawaru
  3166 | D:6      | Found Ruwnelepru's Weapon Shoppe.
  3357 | D:6      | Noticed Eustachio
  3380 | D:6      | Killed Eustachio
  3380 | D:6      | Reached skill level 5 in Evocations
  3568 | D:7      | Found a staircase to the Ecumenical Temple.
  3625 | D:7      | Noticed a hornet
  3633 | D:7      | Killed a hornet
  3633 | D:7      | Reached skill level 1 in Armour
  3675 | D:7      | Found Meusuu Dufell's Antique Weapon Shop.
  3683 | D:7      | Bought a runed blowgun for 198 gold pieces
  4015 | D:8      | Found a staircase to the Lair.
  4190 | D:8      | Reached skill level 1 in Throwing
  4190 | D:8      | Reached skill level 1 in Necromancy
  4260 | D:8      | Upgraded the game from 0.20.0-14-g326068f to 0.20.0-15-g7f486f2
  4297 | D:8      | Reached XP level 10. HP: 54/56 MP: 13/13
  4349 | D:8      | Found Iteadec's Armour Shoppe.
  4383 | D:8      | Noticed Psyche
  4389 | D:8      | Killed Psyche
  4492 | D:8      | Reached ***** piety under Okawaru
  4673 | D:8      | Noticed Erica
  4680 | D:8      | Killed Erica
  4680 | D:8      | Received a gift from Okawaru
  4910 | D:9      | Found an opulent altar of Gozag.
  4912 | D:9      | Found Gozag's Platinum Reserve.
  4946 | D:9      | Received a gift from Okawaru
  5783 | D:9      | Reached skill level 5 in Dodging
  5891 | D:9      | Reached XP level 11. HP: 61/61 MP: 11/14
  5960 | D:10     | Entered Level 10 of the Dungeon
  5963 | D:10     | Received a gift from Okawaru
  5990 | D:10     | Reached skill level 5 in Throwing
  6678 | D:10     | Killed an unseen horror
  6744 | D:11     | Slain by an unseen horror

Skill      XL: |  1  2  3  4  5  6  7  8  9 10 11 |
---------------+----------------------------------+-----
Stealth        | 4 5 6 7 8 9 |  9.8
Short Blades   | 2 3 4 5 6 7 8 9 |  9.3
Hexes          | 3 4 5 6 |  6.9
Evocations     | 1 2 3 4 5 |  5.0
Armour         | 2 3 |  3.0
Dodging        | 3 5 |  5.0
Throwing       | 1 4 6 |  6.4
Necromancy     | 1 3 |  3.8
Spellcasting   | |  1.5

Action                   |  1- 3 |  4- 6 |  7- 9 | 10-12 || total
-------------------------+-------+-------+-------+-------++-------
Melee: Dagger            |   102 |   233 |   244 |   235 ||   814
       Headbutt          |       |    12 |    42 |    39 ||    93
       Punch             |       |       |     1 |       ||     1
 Cast: Corona            |    17 |     2 |       |     5 ||    24
       Ensorcelled Hiber |     1 |    17 |    16 |    50 ||    84
       Confuse           |       |     5 |    21 |    13 ||    39
       Apportation       |       |       |     2 |       ||     2
       Regeneration      |       |       |       |     6 ||     6
Invok: Heroism           |       |       |     2 |     1 ||     3
Evoke: Wand              |       |     2 |       |     2 ||     4
  Use: Scroll            |     1 |     4 |    11 |     9 ||    25
       Potion            |       |    11 |     1 |     3 ||    15
 Stab: Sleeping          |     6 |    18 |    29 |    36 ||    89
       Distracted        |       |     1 |     1 |       ||     2
       Confused          |       |     2 |     7 |     6 ||    15
  Eat: Chunk             |       |     6 |    12 |    12 ||    30
       Fruit             |       |       |       |     3 ||     3
Armor: Robe              |    14 |    24 |    12 |    48 ||    98
       Skin              |       |    35 |       |       ||    35
Dodge: Dodged            |   101 |    85 |   127 |   142 ||   455
